 Dungeon Crawl Stone Soup version 0.23.2 (webtiles) character file.

Game seed: 4572543134899275621

252 Borgoz the Sneak (level 6, -1/51 HPs)
             Began as a Ghoul Assassin on Apr 4, 2019.
             Was an Initiate of Ashenzari.
             Slain by a goblin
             ... wielding a +0 dagger
             ... led by Robin
              (5 damage)
             ... on level 5 of the Dungeon.
             The game lasted 00:06:03 (3381 turns).

Borgoz the Sneak (Ghoul Assassin)                   Turns: 3381, Time: 00:06:04

Health: -1/51      AC:  3    Str: 20    XL:     6   Next: 13%
Magic:  5/5        EV: 12    Int:  8    God:    Ashenzari [......]
Gold:   124        SH:  0    Dex: 10    Spells: 5/5 levels left

rFire    + . .     SeeInvis .   a - +3 dagger
rCold    . . .     Gourm    .   (no shield)
rNeg     + + +     Faith    .   c - +0 robe
rPois    ∞         Spirit   .   (no helmet)
rElec    .         Reflect  .   d - +0 cloak
rCorr    .         Harm     .   (no gloves)
MR       .....                  (no boots)
Stlth    +++.......             (no amulet)
HPRegen  0.00/turn              j - ring of fire
MPRegen  0.09/turn              (no ring)

@: mighty, rotting
A: rotting body, claws 1, carnivore, cold resistance 1, negative energy
resistance 3, inhibited regeneration, torment resistance, unbreathing
a: Curse Item, Renounce Religion


You were on level 5 of the Dungeon.
You worshipped Ashenzari.
Ashenzari was noncommittal.
You were not hungry.

You visited 1 branch of the dungeon, and saw 5 of its levels.

You collected 124 gold pieces.

Inventory:

Hand Weapons
 a - a +3 dagger (weapon)
 b - a +0 blowgun
 h - a +0 short sword of protection
 s - a +1 dagger of distortion
 v - a +0 rapier
 w - a +2 dagger
Missiles
 e - 4 poisoned needles
 f - 2 curare-tipped needles
 p - 6 needles of paralysis
Armour
 c - a +0 robe (worn)
 d - a +0 cloak (worn)
Jewellery
 j - a ring of fire (left claw)
Scrolls
 k - 3 scrolls of identify {unknown}
 o - a scroll of blinking {unknown}
 q - 3 scrolls of teleportation {unknown}
 r - 3 scrolls of enchant armour {unknown}
 t - a scroll of amnesia {unknown}
 u - 3 scrolls of magic mapping {unknown}
 x - a scroll of immolation {unknown}
 y - a scroll of fear {unknown}
Potions
 i - 2 potions of heal wounds
 l - a potion of degeneration {unknown}
 m - a potion of might
 n - 2 potions of curing {unknown}
 z - a potion of mutation {unknown}
 A - a potion of cancellation {unknown}
Comestibles
 g - 5 rations


   Skills:
 + Level 3.1 Fighting
 * Level 3.2 Short Blades
 - Level 1.7 Throwing
 * Level 2.5 Armour
 * Level 2.6 Dodging
 + Level 4.9 Stealth


You had 5 spell levels left.
You didn't know any spells.
Your spell library was empty.

Dungeon Overview and Level Annotations

Branches:
Dungeon (5/15)
 Temple: D:4-7

Altars:
Ashenzari
Fedhas
Sif Muna

Annotations:
D:4 Robin


Innate Abilities, Weirdness & Mutations

Your body is rotting away.
You thrive on raw meat.
You are immune to poison.
You have sharp fingernails.
You are carnivorous and can eat meat at any time.
Your flesh is cold resistant. (rC+)
You are immune to negative energy. (rN+++)
You do not regenerate when monsters are visible.
You are immune to unholy pain and torment.
You can survive without breathing.


Message History

You kill the crimson imp!
You have reached level 6!
Your experience leads to an increase in your attributes!
Your base attributes are Str 15, Int 7, Dex 10.
Increase (S)trength, (I)ntelligence, or (D)exterity?
You feel clever.
There is a stone staircase leading up here.
You climb upwards.
Level annotation: Robin The hobgoblin barely misses you.
The goblin hits you with a +0 dagger.
* * * LOW HITPOINT WARNING * * *
The hobgoblin misses you.
There is a stone staircase leading down here.
The goblin hits you with a +0 dagger.
* * * LOW HITPOINT WARNING * * *
The goblin closely misses you. The hobgoblin misses you.
You climb downwards.
There is a stone staircase leading up here.
You closely miss the goblin. The goblin hits you with a +0 dagger.
You die...

#............#
#.####.#####.#####
#................#
#.##.#..####.###%#
#....#.......#
#.......######
#...###.#
#..####g#
#......@####
#.....g.g..#
...........#
.#..........#
##.#.......#
###.......#
#.......#
####.#### ...


You could see a hobgoblin and 2 goblins.

Vanquished Creatures
  Blork the orc (D:3)
  A crimson imp (D:5)
  An orc priest (D:3)
  Ijyb (D:3)
  5 adders
  A worm (D:3)
  2 dart slugs
  4 leopard geckos
  5 orcs
  5 giant cockroaches
  11 goblins
  3 hobgoblins
  A quokka (D:2)
  2 ball pythons (D:2)
  6 bats
  3 frilled lizards
  10 kobolds
  A leopard gecko skeleton (D:4)
  3 rats
66 creatures vanquished.

Notes
Turn   | Place    | Note
-------+----------+-------------------------------------------
     0 | D:1      | Borgoz the Ghoul Assassin began the quest for the Orb.
     0 | D:1      | Reached XP level 1. HP: 17/17 MP: 0/0
   181 | D:1      | Reached skill level 1 in Dodging
   322 | D:1      | Reached XP level 2. HP: 23/24 MP: 1/1
  1060 | D:2      | Reached skill level 1 in Armour
  1060 | D:2      | Reached XP level 3. HP: 19/30 MP: 2/2
  1418 | D:2      | Reached XP level 4. HP: 37/37 MP: 3/3
  2314 | D:3      | Found a blossoming altar of Fedhas.
  2315 | D:3      | Noticed Ijyb
  2350 | D:3      | Killed Ijyb
  2350 | D:3      | Reached XP level 5. HP: 33/44 MP: 4/4
  2539 | D:3      | Noticed Blork the orc
  2699 | D:3      | Killed Blork the orc
  2736 | D:3      | Found a deep blue altar of Sif Muna.
  3087 | D:4      | Found a shattered altar of Ashenzari.
  3113 | D:4      | Noticed an ogre
  3118 | D:4      | Became a worshipper of Ashenzari the Shackled
  3279 | D:4      | Noticed Robin
  3304 | D:5      | Entered Level 5 of the Dungeon
  3368 | D:5      | Reached XP level 6. HP: 10/51 MP: 5/5
  3381 | D:5      | Slain by a goblin

Skill      XL: |  1  2  3  4  5 |
---------------+----------------+-----
Dodging        | 1 2 |  2.6
Short Blades   | 2 3 |  3.2
Armour         | 1 2 |  2.5
Fighting       | 3 |  3.1
Throwing       | |  1.7
Stealth        | |  4.9

Action                   |  1- 3 |  4- 6 || total
-------------------------+-------+-------++-------
Melee: Short sword       |   128 |    41 ||   169
       Dagger            |     2 |   135 ||   137
 Fire: Blowgun           |       |    13 ||    13
  Use: Potion            |       |     2 ||     2
 Stab: Sleeping          |     6 |     2 ||     8
  Eat: Chunk             |     8 |     7 ||    15
Armor: Robe              |    36 |    29 ||    65
Dodge: Dodged            |    76 |    97 ||   173
